 Dungeon Crawl Stone Soup version 0.23.2-11-gf996548c65 (webtiles) character file.

Game seed: 11358972695925869804

4634 teukkam the Fighter (level 10, 0/90 HPs)
             Began as a Minotaur Fighter on June 6, 2019.
             Was an Elder of Wu Jian.
             Slain by a killer bee (7 damage)
             ... on level 9 of the Dungeon.
             The game lasted 00:31:09 (7733 turns).

teukkam the Fighter (Minotaur Fighter)              Turns: 7733, Time: 00:31:09

Health: 0/90       AC: 11    Str: 23    XL:     10   Next: 20%
Magic:  9/9        EV: 10    Int: 12    God:    Wu Jian [****..]
Gold:   66         SH:  0    Dex: 11    Spells: 9/9 levels left

rFire    . . .     SeeInvis .   a - +1 great sword of the Pit {slice, Int+7}
rCold    . . .     Gourm    .   (shield currently unavailable)
rNeg     + . .     Faith    .   H - +0 scale mail
rPois    .         Spirit   .   (helmet restricted)
rElec    .         Reflect  .   n - +0 cloak
rCorr    .         Harm     .   s - +0 pair of gloves
MR       .....                  (no boots)
Stlth    ..........             (no amulet)
HPRegen  0.25/turn              B - ring of positive energy
MPRegen  0.11/turn              E - ring of flight

@: no status effects
A: retaliatory headbutt, horns 2
a: Wall Jump, Serpent's Lash, Renounce Religion, Evoke Flight


You were on level 9 of the Dungeon.
You worshipped Wu Jian.
Wu Jian was greatly pleased with you.
You were hungry.

You visited 1 branch of the dungeon, and saw 10 of its levels.
You also visited: Sewer.

You collected 399 gold pieces.
You spent 333 gold pieces at shops.

Inventory:

Hand Weapons
 a - the +1 great sword of the Pit (weapon) {slice, Int+7}
   (You bought it in a shop on level 6 of the Dungeon)

   It inflicts extra damage upon your enemies.
   It affects your intelligence (+7).
 b - a +0 shortbow
 t - a +1 dagger of protection
 A - a +1 vampiric dagger
 I - a +3 spear
 J - a +1 quarterstaff of protection
 P - a +1 war axe
Missiles
 e - 54 sling bullets
 x - 2 tomahawks
 y - 6 javelins (quivered)
 G - 52 arrows
 N - 127 stones
Armour
 c - a +0 shield
 n - a +0 cloak (worn)
 s - a +0 pair of gloves (worn)
 C - a +2 robe of the Archmagi
 H - a +0 scale mail (worn)
Jewellery
 l - an uncursed ring of fire
 r - an uncursed ring of ice
 B - a ring of positive energy (left hand)
 E - a ring of flight (right hand)
Wands
 h - a wand of disintegration (5)
 R - a wand of clouds (7)
Scrolls
 g - a scroll of remove curse
 j - 5 scrolls of teleportation
 k - 4 scrolls of amnesia
 q - 7 scrolls of identify
 K - a scroll of fog
 L - a scroll of brand weapon {unknown}
 O - a scroll of magic mapping {unknown}
Potions
 d - a potion of might
 i - a potion of brilliance
 o - a potion of ambrosia
 p - 2 potions of haste
 u - a potion of degeneration {unknown}
 w - a potion of lignification {unknown}
 z - a potion of mutation {unknown}
 D - 3 potions of flight {unknown}
 F - 2 potions of invisibility {unknown}
 M - a potion of resistance {unknown}
Comestibles
 f - 11 rations
 Q - 2 chunks of flesh


   Skills:
 - Level 8.4 Fighting
 + Level 6.0 Long Blades
 - Level 7.8 Axes
 + Level 6.9 Bows
 - Level 8.3 Armour
 - Level 8.3 Shields


You had 9 spell levels left.
You didn't know any spells.
Your spell library contained the following spells:

 Spells                   Type           Power        Failure   Level  Hunger
 Animate Skeleton         Necr           N/A          58%         1    ##.....
 Apportation              Tloc           #.....       58%         1    ##.....
 Confusing Touch          Hex            #.....       58%         1    ##.....
 Pain                     Necr           #...         58%         1    ##.....
 Summon Small Mammal      Summ           #...         58%         1    ##.....
 Regeneration             Chrm/Necr      #.........   91%         3    ####...
 Vampiric Draining        Necr           #.........   91%         3    ####...
 Animate Dead             Necr           N/A          100%        4    #####..


Dungeon Overview and Level Annotations

Branches:
Dungeon (10/15)            Temple (0/1) D:4            Lair (0/6) D:8
    Orc: D:9-12

Altars:
Cheibriados
Fedhas
Gozag
Hepliaklqana
Makhleb
Nemelex Xobeh
Qazlal
Sif Muna
Uskayaw
Wu Jian
Xom

Shops:
D:4 =   D:6 (   D:7 [


Innate Abilities, Weirdness & Mutations

You reflexively headbutt those who attack you in melee.
You have a pair of horns on your head.


Message History

You are lethally poisoned!
The killer bee poisons you! The sky beast barely misses you.
The killer bee stings you but does no damage.
The killer bee stings you.
* * * LOW HITPOINT WARNING * * *
You are more poisoned.
The killer bee poisons you! The killer bee barely misses you.
You furiously retaliate!
You headbutt the killer bee!
You riposte.
You slice the killer bee!!
You kill the killer bee!
The Council accepts your kill.
You feel better. The killer bee completely misses you. You furiously retaliate!
You headbutt the killer bee!
You kill the killer bee!
The Council accepts your kill.
Your Long Blades skill increases to level 6!
The killer bee stings you.
* * * LOW HITPOINT WARNING * * *
The sky beast misses you. The killer bee stings you!
You die...

......!W###.%........#
##
..........#..##.......
....##.#.....#......
.... ##.....##..?...
...o.##..#...#......
.. ......##.........
.....%..§.........
o?.......§YSW§.....
.......S.oy@§§.....
.........§###§.....
...#....... ......
#..#.... ......
#..###.. ...... ..
...# ..... .


You could see a phantom, a sky beast, a killer bee, an orc priest and an adder.

Vanquished Creatures
  A two-headed ogre (D:9)
  2 hogs
  A human (D:7)
  2 yaks (D:7)
  A steam dragon (D:8)
  A necrophage (D:7)
  2 black bears
  3 ogres
  3 centaurs
  2 big kobolds
  2 bullfrogs (D:7)
  4 scorpions
  A wyvern skeleton (D:6)
  9 killer bees
  A howler monkey (D:8)
  4 wights (D:6)
  2 bullfrog zombies
  3 crimson imps (D:7)
  3 hounds
  A quasit (D:7)
  4 orc priests
  A centaur skeleton (D:7)
  6 orc wizards
  3 iguanas
  Ijyb (D:4)
  7 worker ants
  2 hound skeletons
  A worker ant zombie (D:5)
  A howler monkey skeleton (D:6)
  7 gnolls
  6 adders
  An ooze (D:3)
  An adder zombie (D:6)
  An adder skeleton (D:5)
  5 worms
  2 dart slugs
  6 leopard geckos
  19 orcs
  4 bats
  11 giant cockroaches
  12 goblins
  5 hobgoblins
  8 jackals
  4 quokkas
  2 ball pythons
  A frilled lizard (D:4)
  13 kobolds
  A leopard gecko zombie (D:5)
  9 rats
192 creatures vanquished.

Vanquished Creatures (others)
  Sigmund (D:6)
  A plant (D:8)
2 creatures vanquished.

Grand Total: 194 creatures vanquished

Notes
Turn   | Place    | Note
-------+----------+-------------------------------------------
     0 | D:1      | teukkam the Minotaur Fighter began the quest for the Orb.
     0 | D:1      | Reached XP level 1. HP: 19/19 MP: 0/0
   102 | D:3      | Noticed an orc wizard
   291 | D:2      | Reached XP level 2. HP: 21/27 MP: 1/1
   464 | D:2      | Found an ornate altar of the Wu Jian Council.
   478 | D:2      | Became a worshipper of the Wu Jian Council
   538 | D:1      | Reached XP level 3. HP: 28/33 MP: 2/2
  1048 | D:2      | Noticed a +0 hand axe
  1049 | D:2      | Found a hide-covered altar of Uskayaw.
  1050 | D:2      | Noticed a +0 hand axe
  1119 | D:2      | Found a snail-covered altar of Cheibriados.
  1228 | D:2      | Found a shimmering altar of Xom.
  1229 | D:2      | Found a hazy altar of Hepliaklqana.
  1229 | D:2      | Noticed a yak
  1230 | D:2      | Noticed a yak
  1230 | D:2      | Noticed a spectral ugly thing
  1544 | D:3      | Reached XP level 4. HP: 28/41 MP: 3/3
  1766 | D:3      | Reached * piety under Wu Jian
  2095 | D:4      | Found a staircase to the Ecumenical Temple.
  2241 | D:4      | Reached XP level 5. HP: 44/47 MP: 4/4
  2246 | D:4      | Found Ziubimuq's Jewellery Boutique.
  2319 | D:4      | Noticed Ijyb
  2329 | D:4      | Killed Ijyb
  2355 | D:4      | Reached skill level 5 in Shields
  2369 | D:4      | Reached skill level 5 in Fighting
  2370 | D:4      | Reached skill level 5 in Armour
  2383 | D:4      | Noticed an ogre
  2436 | D:4      | Killed an ogre
  2436 | D:4      | Reached XP level 6. HP: 21/56 MP: 5/5
  2580 | D:5      | Entered Level 5 of the Dungeon
  2589 | D:5      | Found a deep blue altar of Sif Muna.
  2870 | D:5      | Found an opulent altar of Gozag.
  2986 | D:5      | Reached ** piety under Wu Jian
  2988 | D:5      | Found a glowing drain.
  2998 | Sewer    | Entered a sewer
  3003 | Sewer    | Reached XP level 7. HP: 62/62 MP: 6/6
  3064 | Sewer    | Reached skill level 5 in Axes
  3092 | Sewer    | Found a white marble altar of Elyvilon.
  3325 | D:6      | Reached XP level 8. HP: 40/71 MP: 7/7
  3819 | D:6      | Reached skill level 1 in Bows
  3840 | D:6      | Found a sparkling altar of Nemelex Xobeh.
  3842 | D:6      | Found a stormy altar of Qazlal.
  3850 | D:6      | Found a burning altar of Makhleb.
  3987 | D:6      | Noticed Sigmund
  3997 | D:6      | Reached *** piety under Wu Jian
  4003 | D:6      | Killed Sigmund
  4192 | D:6      | Found Dided's Antique Weapon Shoppe.
  4375 | D:6      | Found a blossoming altar of Fedhas.
  5216 | D:7      | Reached XP level 9. HP: 77/81 MP: 8/8
  5296 | D:7      | Found a hazy altar of Hepliaklqana.
  5313 | D:7      | Found Suasos's Armour Boutique.
  6256 | D:6      | Bought a smoking great sword for 333 gold pieces
  6257 | D:6      | Identified the cursed +1 great sword of the Pit {slice,
                  | Int+7} (You bought it in a shop on level 6 of the Dungeon)
  6316 | D:7      | Reached **** piety under Wu Jian
  6330 | D:7      | Reached skill level 1 in Long Blades
  6583 | D:8      | Reached skill level 5 in Bows
  6972 | D:8      | Found a staircase to the Lair.
  7284 | D:9      | Noticed a two-headed ogre
  7303 | D:10     | Entered Level 10 of the Dungeon
  7614 | D:9      | Killed a two-headed ogre
  7614 | D:9      | Reached skill level 5 in Long Blades
  7614 | D:9      | Reached XP level 10. HP: 39/90 MP: 9/9
  7731 | D:9      | HP: 2/90 [orc priest/divine providence (14)]
  7733 | D:9      | Slain by a killer bee

Skill      XL: |  1  2  3  4  5  6  7  8  9 10 |
---------------+-------------------------------+-----
Shields        | 4 5 6 7 8 |  8.3
Fighting       | 4 5 6 7 8 |  8.4
Armour         | 4 5 6 7 8 |  8.3
Axes           | 3 4 6 7 |  7.8
Bows           | 3 6 |  6.9
Long Blades    | 5 6 |  6.0

Action                   |  1- 3 |  4- 6 |  7- 9 | 10-12 || total
-------------------------+-------+-------+-------+-------++-------
Melee: War axe           |    70 |   153 |   162 |       ||   385
       Headbutt          |    10 |    28 |    64 |     3 ||   105
       Quarterstaff      |       |       |    94 |       ||    94
       Great sword       |       |       |    57 |     9 ||    66
 Fire: Shortbow          |       |       |    29 |       ||    29
Throw: Javelin           |     2 |     2 |    10 |       ||    14
       Tomahawk          |       |     1 |       |       ||     1
Invok: Lunge             |     3 |    13 |    17 |       ||    33
       Whirlwind         |       |    46 |    99 |     7 ||   152
 Abil: Wall Jump         |       |       |    12 |     1 ||    13
Evoke: Wand              |       |       |     5 |       ||     5
  Use: Scroll            |       |     5 |     1 |     1 ||     7
       Potion            |       |       |     4 |     4 ||     8
  Eat: Ration            |     1 |     1 |     3 |       ||     5
       Chunk             |       |       |     5 |       ||     5
Armor: Scale mail        |    30 |    67 |   192 |    22 ||   311
Dodge: Dodged            |    22 |    43 |   174 |    24 ||   263
Block: Shield            |    34 |    55 |    68 |       ||   157
       Rpst.: Great sword |       |       |    16 |     5 ||    21
